Map: Catalyst LE

Players

LiquidMaNa (MaNa)

  • Race: Protoss Protoss
  • League: Master
  • Spawn Location: 11:00

aLive - Winner!

  • Race: Terran Terran
  • Spawn Location: 5:00

Event: HomeStory Cup XVI

VOD

Have the link to the VOD?

Description

Time

  • Played on: Nov. 11, 2017, 7:57 a.m.
  • Length: 8:55

All games in this series

Show
View Real Time Build Order
Export as new Build Order

LiquidMaNa Protoss 

Build Orders: Oracle Opening, Colossus Rush 

Get SALT Encoding   

  12  0:02  Probe (Chrono Boost)  
  14  0:14  Probe (Chrono Boost)  
  14  0:17  Pylon  
  14  0:26  Probe (Chrono Boost)  
  15  0:32  Probe (Chrono Boost)  
  15  0:39  Gateway  
  15  0:40  Probe (Chrono Boost)  
  17  0:46  Assimilator  
  17  0:52  Probe (Chrono Boost)  
  17  0:54  Assimilator  
  18  0:59  Probe (Chrono Boost)  
  19  1:07  Probe (Chrono Boost)  
  21  1:19  Probe (Chrono Boost)  
  21  1:26  Cybernetics Core  
  21  1:31  Probe (Chrono Boost)  
  22  1:37  Pylon  
  22  1:43  Probe (Chrono Boost)  
  23  1:55  Nexus  
  23  2:02  Stargate  
  23  2:09  Adept  
  23  2:14  Probe (Chrono Boost)  
  26  2:15  Warp Gate  
  26  2:26  Probe (Chrono Boost)  
  26  2:27  Pylon  
  27  2:35  Oracle  
  30  2:38  Probe (Chrono Boost)  
  30  2:46  Pylon  
  30  2:50  Probe (Chrono Boost)  
  31  2:59  Adept  
  31  3:02  Probe (Chrono Boost)  
  32  3:08  Robotics Facility  
  35  3:13  Probe (Chrono Boost)  
  35  3:14  Probe (Chrono Boost)  
  36  3:25  Probe (Chrono Boost)  
  36  3:27  Probe (Chrono Boost)  
  38  3:37  Probe (Chrono Boost)  
  38  3:39  Probe (Chrono Boost)  
  40  3:44  Probe (Chrono Boost)  
  40  3:46  Pylon  
  40  3:48  Assimilator x2  
  41  3:51  Probe (Chrono Boost)  
  42  3:56  Observer  
  42  3:57  Robotics Bay  
  42  3:58  Probe (Chrono Boost)  
  45  4:03  Gateway, Probe (Chrono Boost)  
  46  4:10  Probe (Chrono Boost)  
  47  4:17  Probe (Chrono Boost)  
  47  4:22  Probe (Chrono Boost)  
  49  4:25  Pylon  
  49  4:28  Observer  
  49  4:29  Probe (Chrono Boost), Sentry  
  49  4:33  Pylon  
  49  4:34  Probe (Chrono Boost)  
  49  4:37  Shield Battery  
  50  4:42  Probe (Chrono Boost)  
  50  4:45  Stalker  
  54  4:46  Probe (Chrono Boost)  
  54  4:52  Colossus  
  55  4:54  Probe (Chrono Boost)  
  55  4:59  Probe (Chrono Boost)  
  62  5:02  Stalker x2  
  62  5:06  Probe (Chrono Boost)  
  63  5:11  Probe (Chrono Boost)  
  63  5:13  Shield Battery  
  52  5:18  Probe (Chrono Boost)  
  46  5:23  Probe (Chrono Boost)  
  46  5:26  Stalker  
  46  5:27  Probe (Chrono Boost)  
  46  5:30  Probe (Chrono Boost)  
  46  5:33  Probe (Chrono Boost), Sentry  
  50  5:37  Probe (Chrono Boost)  
  52  5:45  Probe (Chrono Boost)  
  52  5:49  Probe (Chrono Boost)  
  54  5:50  Colossus  
  54  5:57  Probe (Chrono Boost)  
  61  6:01  Stalker, Probe (Chrono Boost)  
  64  6:05  Sentry  
  64  6:09  Probe (Chrono Boost)  
  67  6:13  Probe (Chrono Boost)  
  67  6:16  Extended Thermal Lance  
  68  6:21  Probe (Chrono Boost)  
  68  6:24  Stalker  
  72  6:25  Probe (Chrono Boost)  
  72  6:32  Sentry  
  72  6:34  Pylon  
  72  6:36  Probe (Chrono Boost)  
  72  6:37  Probe (Chrono Boost)  
  76  6:42  Colossus, Pylon  
  76  6:47  Pylon  
  82  7:02  Observer  
  82  7:04  Stalker x2  
  86  7:17  Gateway x2  
  86  7:21  Gateway, Pylon  
  86  7:25  Colossus  
  86  7:33  Forge  
  86  7:35  Forge  
  92  7:43  Probe x2 (Chrono Boost)  
  94  7:45  Zealot x2  
  98  8:00  Nexus  
  98  8:08  Shield Battery  
  98  8:15  Zealot x2  
  98  8:19  Zealot  
  89  8:28  Probe x2 (Chrono Boost)  
  89  8:31  Zealot  
  81  8:40  Probe x2 (Chrono Boost)  
  80  8:46  Stalker x2  
Show
View Real Time Build Order
Export as new Build Order

aLive Terran - Winner!

Build Orders: Cyclone Opening, Gas First Reaper Expand, Reaper Expand, MMM Bio 

Get SALT Encoding   

  12  0:00  SCV  
  13  0:12  SCV  
  14  0:18  Supply Depot  
  14  0:24  SCV  
  15  0:29  Refinery  
  15  0:40  SCV  
  16  0:45  Barracks  
  16  0:52  SCV  
  17  1:04  SCV  
  18  1:16  SCV  
  19  1:33  Reaper, Orbital Command  
  20  1:45  Command Center  
  20  1:57  Factory  
  20  2:00  SCV  
  21  2:07  Barracks Reactor  
  21  2:12  SCV  
  21  2:14  Supply Depot  
  22  2:23  Refinery  
  22  2:24  SCV  
  23  2:37  SCV  
  24  2:43  Cyclone  
  27  2:45  Marine x2  
  27  2:49  SCV  
  30  2:57  Orbital Command  
  30  3:03  Marine x2  
  30  3:04  SCV  
  32  3:09  Starport  
  32  3:15  Widow Mine  
  32  3:17  SCV  
  35  3:22  Marine x2  
  35  3:25  SCV  
  38  3:29  SCV  
  38  3:36  Supply Depot  
  38  3:40  Marine x2  
  38  3:45  Medivac  
  38  3:47  Cyclone  
  43  3:54  SCV x2  
  45  3:58  Supply Depot  
  45  3:59  Marine  
  45  4:00  Marine  
  47  4:10  SCV x2  
  49  4:18  Marine  
  49  4:19  Marine  
  49  4:23  Liberator  
  51  4:24  Barracks  
  51  4:33  SCV x2  
  56  4:46  Barracks  
  56  4:51  Supply Depot  
  56  4:56  SCV x2  
  57  5:02  Marine x2  
  58  5:13  Barracks Tech Lab  
  58  5:14  Factory Tech Lab  
  54  5:15  SCV  
  54  5:16  SCV  
  53  5:28  SCV x2  
  51  5:31  Marine x3  
  51  5:32  Stimpack  
  51  5:33  Starport Reactor  
  54  5:36  Engineering Bay  
  54  5:39  Refinery  
  54  5:40  Bunker  
  54  5:41  Factory Reactor  
  54  5:43  Combat Shields  
  54  5:44  Supply Depot, Marine  
  54  5:46  SCV x2  
  57  5:50  Marine x2  
  57  5:51  Marauder  
  57  5:52  Supply Depot  
  61  5:58  SCV x2  
  61  6:02  Marauder  
  61  6:03  Terran Infantry Weapons Level 1  
  65  6:06  Supply Depot  
  65  6:08  Marine x2  
  67  6:13  Marauder  
  69  6:20  SCV  
  69  6:21  SCV  
  69  6:23  Refinery  
  71  6:27  Marine x2  
  71  6:28  Marauder  
  75  6:33  SCV x2  
  75  6:34  Marauder  
  75  6:38  Medivac x2  
  83  6:44  Command Center  
  84  6:47  SCV x2  
  84  6:50  Marine x2  
  84  6:51  Marine  
  84  6:53  Widow Mine x2  
  92  6:55  Marine  
  92  6:57  Supply Depot  
  92  7:00  Supply Depot  
  93  7:04  Barracks  
  93  7:10  Barracks  
  93  7:15  SCV  
  94  7:18  SCV  
  95  7:22  Marine x2  
  95  7:23  Marauder x2  
  98  7:42  Supply Depot  
  98  7:46  Starport  
  98  7:48  SCV x2  
  99  7:56  Marine x2  
  99  7:57  Barracks Tech Lab  
  99  7:58  Barracks Reactor  
  98  7:59  Orbital Command  
  98  8:01  Marauder x2  
  98  8:02  Viking x2  
  106  8:09  Supply Depot  
  106  8:10  SCV x2  
  98  8:27  Marine x2  
  98  8:28  Marauder x3  
  98  8:30  SCV  
  98  8:31  SCV  
  106  8:39  SCV  
  103  8:43  SCV  
Tags
 
Add a new tag
Caveats
  • Supply blocks, unpowered buildings, or Contaminate may cause inaccurate times.
  • Supply counts are checked every 10 seconds.